 Dungeon Crawl Stone Soup version 0.29.1-2-gbd0b4ee654 (webtiles) character file.

Game seed: 4509539524832988107

213 GorkyZ the Shield-Bearer (level 5, 0/33 HPs)
             Began as a Gargoyle Fighter on Nov 25, 2022.
             Slain by Pikel
             ... wielding a +0 whip of freezing
              (4 damage)
             ... on level 4 of the Dungeon.
             The game lasted 00:08:42 (2915 turns).

GorkyZ the Shield-Bearer (Gargoyle Fighter)         Turns: 2915, Time: 00:08:42

Health: 0/33       AC: 12    Str: 27    XL:     5   Next: 90%
Magic:  5/5        EV: 10    Int:  9    God:
Gold:   149        SH:  4    Dex:  9    Spells: 4/4 levels left

rFire   . . .      SeeInvis .   n - +0 hand axe (vamp)
rCold   . . .      Faith    .   c - +0 buckler
rNeg    + . .      Spirit   .   b - +0 scale mail
rPois   ∞          Reflect  .   (no helmet)
rElec   +          Harm     .   p - +0 cloak
rCorr   .          Rampage  .   (no gloves)
Will    .....                   (no boots)
Stlth   ..........              (no amulet)
HPRegen 0.11/turn               g - +6 ring of strength
MPRegen 0.09/turn               (no ring)

@: no status effects
A: sickness immunity, AC +4, negative energy resistance 1, electricity
resistance, torment resistance 1, petrification resistance
a: no special abilities


You were on level 4 of the Dungeon.
You visited 1 branch of the dungeon, and saw 4 of its levels.

You collected 149 gold pieces.

Inventory:

Hand Weapons
 a - a +0 war axe
 l - a +0 club
 n - a +0 vampiric hand axe (weapon)
Armour
 b - a +0 scale mail (worn)
 c - a +0 buckler (worn)
 p - a +0 cloak (worn)
Jewellery
 g - a +6 ring of strength (left hand)
Potions
 d - 2 potions of might
 e - 3 potions of curing
 i - a potion of heal wounds
 j - 2 potions of degeneration {unknown}
 k - a potion of lignification {unknown}
 r - a potion of resistance {unknown}


   Skills:
 + Level 4.0 Fighting
 + Level 2.6 Axes
 + Level 1.5 Throwing
 + Level 3.9 Armour
 + Level 1.3 Dodging
 + Level 4.0 Shields
 + Level 1.7 Evocations


You had 4 spell levels left.
You didn't know any spells.
Your spell library contained the following spells:

 Spells                   Type           Power      Damage    Failure   Level
 Freeze                   Ice            0%         1d3       75%         1
 Frozen Ramparts          Ice            0%         1d1       98%         3
 Hailstorm                Conj/Ice       0%         3d3       100%        4


Dungeon Overview and Level Annotations

Branches:
Dungeon (4/15)
 Temple: D:4-7

Altars:

Shops:
D:1 *

Annotations:
D:4 Pikel


Innate Abilities, Weirdness & Mutations

You are immune to sickness and miasma.
Your stone body is resilient. (AC +4)
You are immune to poison.
You resist negative energy. (rN+)
You are resistant to electric shocks. (rElec)
You are resistant to unholy torment.
You are immune to petrification.


Message History

You closely miss Pikel.
Pikel is moderately wounded.
You hit the lemure.
Pikel hits you with a +0 whip of freezing.
Pikel freezes you. You block the lemure's attack.
Pikel hits you but does no damage. The lemure hits you but does no damage.
You barely miss Pikel.
Pikel is lightly wounded.
You hit the lemure but do no damage. Pikel hits you but does no damage.
The lemure hits you but does no damage.
You closely miss Pikel.
Pikel is lightly wounded.
You hit the lemure but do no damage. You block Pikel's attack.
The lemure misses you.
You hit Pikel.
Pikel is moderately wounded.
You hit the lemure but do no damage.
Pikel hits you with a +0 whip of freezing.
Pikel freezes you. You block the lemure's attack.
You closely miss Pikel.
Pikel is moderately wounded.
You hit the lemure.
Pikel hits you with a +0 whip of freezing.
Pikel freezes you. The lemure closely misses you.
You hit Pikel but do no damage.
Pikel is moderately wounded.
You hit the lemure but do no damage. You block Pikel's attack.
The lemure hits you.
You closely miss Pikel.
Pikel is lightly wounded.
You hit the lemure but do no damage.
Pikel hits you with a +0 whip of freezing.
Pikel freezes you. The lemure hits you but does no damage.
You block Pikel's attack. The lemure hits you.
* * * LOW HITPOINT WARNING * * *
You feel better. You block the lemure's attack.
Pikel hits you with a +0 whip of freezing!
* * * LOW HITPOINT WARNING * * *
Pikel freezes you.
You die... #.# # ..## .##..# ....# #...# . 555

...
#K##...##
#@5......
####...##
... #


You could see Pikel and 4 lemures.

Vanquished Creatures
  An orc priest (D:3)
  An iguana (D:3)
  An orc wizard (D:3)
  6 adders
  4 dart slugs
  An orc (D:3)
  4 bats
  9 endoplasms
  4 giant cockroaches
  7 goblins
  5 hobgoblins
  5 jackals
  5 kobolds
  4 quokkas
  5 ball pythons
  6 rats
68 creatures vanquished.

Notes
Turn   | Place    | Note
-------+----------+-------------------------------------------
     0 | D:1      | GorkyZ the Gargoyle Fighter began the quest for the Orb.
     0 | D:1      | Reached XP level 1. HP: 14/14 MP: 1/1
    33 | D:1      | Found a faded altar of an unknown god.
   183 | D:1      | Reached XP level 2. HP: 19/19 MP: 2/2
   313 | D:1      | Found Ledi's Assorted Antiques.
   426 | D:1      | Reached XP level 3. HP: 23/23 MP: 3/3
  1003 | D:2      | Reached skill level 1 in Evocations
  1113 | D:2      | Reached skill level 1 in Throwing
  1113 | D:2      | Reached XP level 4. HP: 20/28 MP: 4/4
  1893 | D:3      | Reached skill level 1 in Dodging
  1896 | D:3      | Reached XP level 5. HP: 10/33 MP: 5/5
  2850 | D:4      | Noticed Pikel
  2850 | D:4      | Noticed a lemure
  2851 | D:4      | Noticed a lemure
  2852 | D:4      | Noticed a lemure
  2900 | D:4      | Noticed a lemure
  2915 | D:4      | Slain by Pikel

Illustrated notes

Levels and vault maps discovered:
D:1:      giann_wishing_wells, layout_basic, hellmonk_ecumenical_altar_blasted,
          serial_shops, shop, minmay_pentomino_z4
D:2:      layout_loops_ring
D:3:      layout_rooms, hangedman_decor_clover_reticule
D:4:      layout_loops_ring, grunt_qazlal_sundering, portal_sewer_entry_f,
          uniq_pikel

Skill      XL: |  1  2  3  4  5 |
---------------+----------------+-----
Axes           | 2 |  2.6
Evocations     | 1 |  1.7
Throwing       | 1 |  1.5
Dodging        | 1 |  1.3
Shields        | 4 |  4.0
Fighting       | 4 |  4.0
Armour         | |  3.9

Action                   |  1- 3 |  4- 6 || total
-------------------------+-------+-------++-------
Melee: War axe           |    68 |       ||    68
       Hand axe          |    32 |   115 ||   147
  Use: Scroll            |       |     7 ||     7
       Potion            |       |     1 ||     1
Armor: Scale mail        |    54 |    61 ||   115
Dodge: Dodged            |    55 |    69 ||   124
Block: Buckler           |    18 |    24 ||    42
